 Dungeon Crawl Stone Soup version 0.25-a0-589-g1e14c549ee (webtiles) character file.

Game seed: 18043386165972668462, levelgen mode: deterministic

21321 KiliKikkendorf the Spear-Bearer (level 12, -15/85 HPs)
             Began as a Merfolk Venom Mage on Mar 12, 2020.
             Was a High Priest of Sif Muna.
             Demolished by an ettin
             ... wielding a +0 dire flail
              (30 damage)
             ... on level 1 of the Orcish Mines on Mar 13, 2020.
             The game lasted 02:38:36 (17319 turns).

KiliKikkendorf the Spear-Bearer (MfVM)             Turns: 17319, Time: 02:38:43

Health: -15/85     AC: 10    Str: 14    XL:     12   Next: 88%
Magic:  7/23       EV: 16    Int: 16    God:    Sif Muna [*****.]
Gold:   901        SH:  0    Dex: 14    Spells: 11/26 levels left

rFire    . . .     SeeInvis .   j - +5 halberd
rCold    . . .     Gourm    .   (shield currently unavailable)
rNeg     . . .     Faith    .   F - +0 steam dragon scales
rPois    .         Spirit   .   l - +0 helmet
rElec    .         Reflect  .   N - +2 cloak
rCorr    .         Harm     .   (no gloves)
MR       +....                  M - +0 pair of boots
Stlth    +++.......             i - amulet of rage
HPRegen  0.24/turn              q - +4 ring of strength
MPRegen  0.18/turn              v - +3 ring of slaying

@: no status effects
A: change form in water, swift swim, stealthy swim, dopey 1, magic resistance 1
a: Channel Magic, Forget Spell, Divine Exegesis, Renounce Religion, Evoke
Berserk Rage


You were on level 1 of the Orcish Mines.
You worshipped Sif Muna.
Sif Muna was extremely pleased with you.
You were not hungry.

You visited 3 branches of the dungeon, and saw 13 of its levels.

You collected 901 gold pieces.

Inventory:

Hand Weapons
 b - a +3 dagger
 e - a +0 short sword
 j - a +5 halberd (weapon)
 u - the +6 dagger "Jipo" {elec, Int+4 SInv}
   (You found it on level 4 of the Dungeon)

   Occasionally, upon striking a foe, it will discharge some electrical energy
   and cause terrible harm.
   It affects your intelligence (+4).
   It lets you see invisible.
 C - a +4 falchion
 D - a +2 war axe of flaming
 H - a +4 scimitar of holy wrath
 L - a +0 trident
Missiles
 f - 3 poisoned darts (quivered)
Armour
 l - a +0 helmet (worn)
 E - the +3 leather armour of Noughts and Crosses {*Slow rElec rCorr Str+2}
   (You found it on level 8 of the Dungeon)

   It affects your strength (+2).
   It insulates you from electricity.
   It provides partial protection from all sources of acid and corrosion.
   It may slow you when you take damage.
 F - +0 steam dragon scales (worn)
 G - a +1 cloak
 J - a +0 robe of positive energy
 M - a +0 pair of boots (worn)
 N - a +2 cloak (worn)
 Q - a +0 troll leather armour
Jewellery
 a - an uncursed ring of poison resistance
 i - an amulet of rage (around neck)
 q - a +4 ring of strength (left hand)
 v - a +3 ring of slaying (right hand)
Wands
 g - a wand of random effects (21)
 o - a wand of iceblast (18)
 w - a wand of disintegration (4)
 x - a wand of flame (19)
 y - a wand of acid (6)
 I - a wand of scattershot (4)
 O - a wand of digging (5)
Scrolls
 d - 3 scrolls of teleportation
 m - 7 scrolls of identify
 n - 4 scrolls of amnesia
 r - 3 scrolls of blinking
 s - 4 scrolls of remove curse
 K - a scroll of immolation
Potions
 h - 3 potions of flight
 k - 2 potions of lignification
 p - 2 potions of brilliance
 t - 4 potions of curing
 z - a potion of haste
Comestibles
 c - 4 rations


   Skills:
 + Level 4.8 Fighting
 + Level 1.0(1.2) Short Blades
 + Level 0.8(1.1) Long Blades
 * Level 14.7 Polearms
 + Level 3.4 Throwing
 + Level 1.8 Armour
 + Level 6.5 Dodging
 + Level 5.9 Stealth
 + Level 7.5 Spellcasting
 + Level 2.7 Conjurations
 + Level 5.3 Transmutations
 + Level 2.0 Fire Magic
 + Level 4.4 Air Magic
 * Level 11.7 Poison Magic
 + Level 0.1 Evocations


You had 11 spell levels left.
You knew the following spells:

 Your Spells              Type           Power        Failure   Level  Hunger
a - Sting                 Tmut/Pois      ####         1%          1    None
b - Poisonous Vapours     Pois/Air       ####..       1%          2    None
c - Ignite Poison         Fire/Tmut/Pois ####....     2%          3    ##.....
d - Mephitic Cloud        Conj/Pois/Air  ####....     2%          3    ##.....
e - Olgreb's Toxic Radia  Pois           #####...     1%          4    ####...
f - Swiftness             Chrm/Air       ##......     7%          2    None

Your spell library contained the following spells:

 Spells                   Type           Power        Failure   Level  Hunger
 Shock                    Conj/Air       ###.         2%          1    None
 Magic Dart               Conj           ##..         3%          1    None
 Static Discharge         Conj/Air       ###.....     8%          3    ##.....
 Summon Small Mammal      Summ           #...         12%         1    None
 Conjure Flame            Conj/Fire      ##......     13%         3    ##.....
 Blink                    Tloc           N/A          19%         2    None
 Call Imp                 Summ           #.......     19%         2    None
 Slow                     Hex            #.......     19%         2    None
 Airstrike                Air            ###.......   19%         4    ####...
 Call Canine Familiar     Summ           #.......     34%         3    ##.....
 Gell's Gravitas          Tloc           #.........   34%         3    ##.....
 Lesser Beckoning         Tloc           #.........   34%         3    ##.....
 Recall                   Summ/Tloc      N/A          34%         3    ##.....
 Summon Guardian Golem    Hex/Summ       #.......     34%         3    ##.....
 Summon Lightning Spire   Summ/Air       ##......     43%         4    ####...
 Eringya's Noxious Bog    Tmut/Pois      ####......   47%         6    #######
 Lightning Bolt           Conj/Air       ###.......   58%         5    #####..
 Summon Ice Beast         Ice/Summ       #.......     75%         4    ####...


Dungeon Overview and Level Annotations

Branches:
Dungeon (10/15)            Temple (0/1) D:4             Orc (2/2) D:10
    Elf (1/3) Orc:2
   Lair: D:8-11

Altars:
Ashenzari
Kikubaaqudgha
Nemelex Xobeh
Okawaru
Qazlal
Ru
Sif Muna
Vehumet
Wu Jian
Xom
Zin
Beogh

Shops:
D:4 *[*   D:8 *

Annotations:
Orc:1 3 runed translucent doors, einarkeyser's ghost, journeyman MiBe
Orc:2 3 runed translucent doors, Conn's ghost, journeyman HaSk


Innate Abilities, Weirdness & Mutations

You revert to your normal form in water.
You are very nimble and swift while swimming.
You are very stealthy in the water. (Stealth+)
You are dopey. (Int -2)
You are resistant to hostile enchantments. (MR+)


Message History

Items here: ))) [ a +0 giant club x2; a +0 chain mail; a +0 dire flail You see here a +0 hand axe.
The ettin looks more healthy.
You see here a +0 short sword.
There is a stone staircase leading up, spattered with blood here.
You see here a large rock.
The ettin closely misses you. The ettin completely misses you.
You climb upwards.
Level annotation: 3 runed translucent doors, einarkeyser's ghost, journeyman MiBe
There is a stone staircase leading down, spattered with blood here.
You puncture the ettin!
The ettin is lightly wounded.
You hit the ettin.
The ettin is lightly wounded.
The ettin hits you with a +0 dire flail!!!
Ouch! That really hurt!
* * * LOW HITPOINT WARNING * * *
The ettin hits you with a cursed -3 dire flail!!
You die...

###...##.#....[.....)##
.###..#...#.[.........#
####......#....#......##
# #....#...#.####......##
##........####........##
# ##.#......#...........#
#
#####..............).#.##
#
#.###...........#.......#
...##......C@.....#.#.##
...##..#...)....#.....#
#.##............##.#.##
##.#..............#####
#......#...#.##...##
####.................#
##...#.......##......##
#...........#####...#.##
#..........#####.......#


You could see an ettin.

Vanquished Creatures
  Harold (D:8)
  5 two-headed ogres
  A queen ant (D:8)
  An orc high priest (Orc:2)
  Pikel (D:4)
  An orc knight (Orc:2)
  2 orc sorcerers
  A cyclops (Orc:2)
  2 deep elf magi (Elf:1)
  Maurice (D:7)
  Maggie (D:7)
  11 trolls
  Sigmund (D:3)
  Eustachio (D:5)
  11 yaks (D:10)
  A wraith (D:10)
  2 hungry ghosts (D:10)
  A steam dragon (D:7)
  5 soldier ants
  18 orc warriors
  2 sky beasts (D:6)
  A slave (D:4)
  A phantom (D:6)
  21 ogres
  4 centaurs
  Blork the orc (D:4)
  8 bullfrogs
  A wyvern zombie (D:9)
  A water moccasin zombie (D:10)
  2 scorpions
  2 troll zombies (D:10)
  5 killer bees (D:10)
  6 howler monkeys
  2 crimson imps
  3 jellies
  2 bullfrog zombies
  4 hounds
  2 quasits
  A bullfrog skeleton (D:9)
  2 centaur zombies
  3 centaur skeletons
  12 orc priests
  2 gnoll shamans
  7 orc wizards
  An iguana (D:5)
  20 worker ants
  5 ogre zombies (D:10)
  A hound skeleton (D:6)
  Robin (D:2)
  11 gnolls
  10 adders
  A howler monkey skeleton (D:7)
  A shadow imp (D:6)
  An ooze (D:3)
  An adder zombie (D:8)
  5 worms
  A dart slug (D:2)
  7 leopard geckos
  58 orcs
  3 ball pythons
  6 bats
  3 giant cockroaches
  24 goblins
  10 hobgoblins
  9 jackals
  5 quokkas
  4 frilled lizards
  A hobgoblin skeleton (D:10)
  2 hobgoblin zombies (D:10)
  A jackal skeleton (D:7)
  7 kobolds
  2 orc skeletons (D:10)
  12 orc zombies (D:10)
  A quokka skeleton (D:4)
  7 rats
  A plant (D:2)
385 creatures vanquished.

Vanquished Creatures (others)
  A hippogriff (D:7)
  A worker ant (D:5)
  A quokka (D:5)
3 creatures vanquished.

Grand Total: 388 creatures vanquished

Notes
Turn   | Place    | Note
-------+----------+-------------------------------------------
     0 | D:1      | KiliKikkendorf the Merfolk Venom Mage began the quest for
                  | the Orb.
     0 | D:1      | Reached XP level 1. HP: 13/13 MP: 3/3
   298 | D:1      | Reached XP level 2. HP: 11/19 MP: 3/5
  1014 | D:1      | Reached XP level 3. HP: 24/24 MP: 3/6
  1231 | D:1      | Learned a level 2 spell: Poisonous Vapours
  1255 | D:2      | Reached skill level 1 in Short Blades
  1276 | D:2      | Reached skill level 1 in Fighting
  1284 | D:2      | Reached XP level 4. HP: 14/32 MP: 0/7
  1487 | D:2      | Found a shimmering blue altar of Sif Muna.
  1490 | D:2      | Became a worshipper of Sif Muna the Loreminder
  1519 | D:2      | Noticed Robin
  2120 | D:2      | Killed Robin
  2251 | D:2      | Reached skill level 1 in Polearms
  2251 | D:2      | Reached XP level 5. HP: 32/37 MP: 3/8
  2435 | D:2      | Reached * piety under Sif Muna
  2481 | D:2      | Found a sacrificial altar of Ru.
  2728 | D:2      | Found an iron altar of Okawaru.
  2958 | D:3      | You fall into a shaft and drop 2 floors!
  2958 | D:5      | Entered Level 5 of the Dungeon
  3142 | D:4      | Found Fuhy's General Store.
  3161 | D:4      | Reached skill level 5 in Poison Magic
  3187 | D:4      | Found Haytudat's Armour Shoppe.
  3206 | D:4      | Found Xeud's General Store.
  3544 | D:3      | Reached skill level 2 in Polearms
  3544 | D:3      | Reached XP level 6. HP: 43/43 MP: 4/10
  3779 | D:3      | Learned a level 3 spell: Ignite Poison
  3971 | D:3      | Noticed Sigmund
  3977 | D:3      | Killed Sigmund
  3977 | D:3      | Reached skill level 3 in Polearms
  4153 | D:3      | Found a shattered altar of Ashenzari.
  4316 | D:4      | Got a translucent dagger
  4317 | D:4      | Identified the +6 dagger "Jipo" {elec, Int+4 SInv} (You
                  | found it on level 4 of the Dungeon)
  4359 | D:4      | Reached XP level 7. HP: 48/48 MP: 3/11
  4366 | D:4      | Learned a level 3 spell: Mephitic Cloud
  4562 | D:4      | Reached skill level 1 in Air Magic
  4566 | D:4      | Reached ** piety under Sif Muna
  4725 | D:4      | Reached skill level 4 in Polearms
  4843 | D:4      | Found a staircase to the Ecumenical Temple.
  5272 | D:5      | Noticed Pikel
  5272 | D:5      | Noticed Blork the orc
  5517 | D:4      | Killed Blork the orc
  5517 | D:4      | Reached skill level 5 in Polearms
  6061 | D:4      | Killed Pikel
  6061 | D:4      | Reached skill level 6 in Polearms
  6061 | D:4      | Reached skill level 1 in Throwing
  6061 | D:4      | Reached XP level 8. HP: 50/56 MP: 2/13
  6154 | D:5      | You fall into a shaft and drop 2 floors!
  6209 | D:7      | Reached skill level 1 in Fire Magic
  6211 | D:7      | Found a radiant altar of Vehumet.
  6254 | D:7      | Gained mutation: You are dopey. (Int -2) [potion of
                  | mutation]
  6254 | D:7      | Gained mutation: You are resistant to hostile enchantments.
                  | (MR+) [potion of mutation]
  6277 | D:7      | Noticed a hippogriff
  6283 | D:7      | Killed a hippogriff
  6333 | D:7      | Reached XP level 9. HP: 18/61 MP: 3/15
  6591 | D:7      | Found a sparkling altar of Nemelex Xobeh.
  6628 | D:6      | Reached skill level 7 in Polearms
  6707 | D:5      | Noticed Eustachio
  6711 | D:5      | Killed Eustachio
  7930 | D:6      | Reached skill level 5 in Spellcasting
  8185 | D:6      | Reached skill level 8 in Polearms
  8353 | D:6      | Found an ancient bone altar of Kikubaaqudgha.
  8454 | D:6      | Found a shimmering altar of Xom.
  8462 | D:6      | Found a stormy altar of Qazlal.
  9050 | D:7      | Found an ornate altar of the Wu Jian Council.
  9153 | D:8      | Got a polished leather armour
  9154 | D:8      | Identified the +3 leather armour of Noughts and Crosses
                  | {*Slow rElec rCorr Str+2} (You found it on level 8 of the
                  | Dungeon)
  9174 | D:8      | Noticed Maggie
  9176 | D:8      | Noticed a troll
  9226 | D:8      | Killed a troll
  9226 | D:8      | Reached *** piety under Sif Muna
  9344 | D:8      | Noticed Maurice
  9347 | D:7      | Killed Maggie
  9347 | D:7      | Reached skill level 9 in Polearms
  9347 | D:7      | Reached skill level 1 in Armour
  9347 | D:7      | Reached skill level 1 in Conjurations
  9347 | D:7      | Reached XP level 10. HP: 64/68 MP: 9/17
  9423 | D:7      | Killed Maurice
  9527 | D:8      | Noticed Harold
  9532 | D:8      | Killed Harold
  9743 | D:8      | Reached skill level 5 in Dodging
  9754 | D:8      | Noticed a two-headed ogre
  9868 | D:7      | Reached skill level 10 in Polearms
  9904 | D:8      | Killed a two-headed ogre
 10203 | D:8      | Found a glowing silver altar of Zin.
 10248 | D:8      | Found Foss's Island Escapes.
 10824 | D:8      | Reached skill level 11 in Polearms
 11092 | D:9      | Noticed a queen ant
 11219 | D:8      | Killed a queen ant
 11219 | D:8      | Reached skill level 10 in Poison Magic
 11219 | D:8      | Reached XP level 11. HP: 46/75 MP: 16/19
 11850 | D:9      | Reached **** piety under Sif Muna
 11861 | D:9      | Reached skill level 12 in Polearms
 12224 | D:9      | Learned a level 4 spell: Olgreb's Toxic Radiance
 12227 | D:9      | Learned a level 2 spell: Swiftness
 12400 | D:10     | Entered Level 10 of the Dungeon
 13374 | D:10     | Reached ***** piety under Sif Muna
 13616 | D:10     | Found a staircase to the Orcish Mines.
 13770 | D:10     | Identified Sif Muna's Tome of Unstable Displacement (Sif
                  | Muna gifted it to you on level 10 of the Dungeon)
 13770 | D:10     | Received a gift from Sif Muna
 13832 | Orc:1    | Entered Level 1 of the Orcish Mines
 13844 | Orc:1    | Reached skill level 13 in Polearms
 14085 | Orc:1    | Found a roughly hewn altar of Beogh.
 14090 | Orc:1    | Noticed an orc sorcerer
 14314 | Orc:1    | Killed an orc sorcerer
 14314 | Orc:1    | Reached skill level 5 in Transmutations
 14396 | Orc:1    | Found a runed translucent gate.
 14397 | Orc:1    | Noticed a tengu warrior
 14397 | Orc:1    | Noticed a stone giant
 14415 | Orc:1    | Found a runed translucent gate.
 14415 | Orc:1    | Noticed a deep elf knight
 14416 | Orc:1    | Found a runed translucent gate.
 14416 | Orc:1    | Noticed a merfolk javelineer
 14418 | Orc:1    | Noticed an orc knight
 14418 | Orc:1    | Identified the cursed +1 robe of the Storm King {rCorr}
 14418 | Orc:1    | Noticed a centaur warrior
 14418 | Orc:1    | Noticed einarkeyser's ghost (journeyman MiBe)
 14452 | Orc:1    | Reached skill level 5 in Stealth
 14544 | Orc:1    | Found an iron altar of Okawaru.
 14621 | Orc:2    | Entered Level 2 of the Orcish Mines
 14631 | Orc:2    | Reached XP level 12. HP: 83/83 MP: 17/22
 14872 | Orc:2    | Found a runed translucent gate.
 14872 | Orc:2    | Found a runed translucent gate.
 14872 | Orc:2    | Found a runed translucent gate.
 14873 | Orc:2    | Noticed Conn's ghost (journeyman HaSk)
 14880 | Orc:2    | Found a staircase to the Elven Halls.
 14893 | Elf:1    | Entered Level 1 of the Elven Halls
 14929 | Orc:2    | Noticed an orc high priest
 15524 | Orc:2    | Killed an orc high priest
 15524 | Orc:2    | Reached skill level 14 in Polearms
 16330 | Orc:2    | Noticed a two-headed ogre
 16675 | Orc:2    | Killed a two-headed ogre
 16934 | Orc:2    | Noticed a two-headed ogre
 16943 | Orc:2    | Noticed a two-headed ogre
 17255 | Orc:2    | Noticed a two-headed ogre
 17260 | Orc:2    | Noticed a two-headed ogre
 17262 | Orc:2    | Killed a two-headed ogre
 17270 | Orc:2    | Killed a two-headed ogre
 17270 | Orc:2    | Received a gift from Sif Muna
 17286 | Orc:2    | Killed a two-headed ogre
 17289 | Orc:2    | Noticed an ettin
 17319 | Orc:1    | Demolished by an ettin

Levels and vault maps discovered:
D:1:      lemuel_arrival_muddy, layout_basic, minmay_tetromino_s2
D:2:      layout_loops_cross, nicolae_ru_the_path_less_chosen,
          marbit_many_paths, lemuel_blue_sif_altar,
          nicolae_overflow_hidden_temple, uniq_robin
D:3:      layout_basic, lemuel_crystal_altar, first_ration, uniq_sigmund
D:4:      kennysheep_the_goblin_king, layout_basic,
          minmay_temple_entry_junction, serial_shops, nicolae_shop_behind_doors,
          nicolae_shop_crystal, shop
D:5:      layout_basic, uniq_pikel, uniq_blork_the_orc, uniq_eustachio
D:6:      layout_basic, amethyst_overflow_temple_binary,
          kiku_gazebo_garden_becter
D:7:      layout_cave_pools, vehumet_crystals, kennysheep_little_box,
          nemelex_xobeh_ov_fountains_minmay
D:8:      layout_gridville, lemuel_doored_altar, grunt_ogre_cave,
          nicolae_island_escapes, uniq_maggie, uniq_harold, uniq_maurice
D:9:      layout_loops_cross, lemuel_round_altar, minmay_another_anthill
D:10:     layout_cave_pods, zombieorc2_lemuel
Orc:1:    layout_caves, gammafunk_ghost_fury_of_okawaru, basic_altar
Orc:2:    st_orc_open, layout_diamond_mine, ebering_ghost_rock_garden
Elf:1:    elf_arrival_001, layout_loops_corners, hangedman_elf_disciples,
          grunt_ministairs_4

Skill      XL: |  1  2  3  4  5  6  7  8  9 10 11 12 |
---------------+-------------------------------------+-----
Poison Magic   | 4 5 6 7 8 10 11 | 11.7
Short Blades   | 1 |  1.0
Fighting       | 1 2 3 4 |  4.8
Transmutations | 2 3 4 5 |  5.3
Dodging        | 3 4 5 6 |  6.5
Polearms       | 1 2 3 6 9 11 13 14 | 14.7
Spellcasting   | 3 4 5 6 7 |  7.5
Air Magic      | 1 2 3 4 |  4.4
Stealth        | 3 4 5 |  5.9
Throwing       | 1 2 3 |  3.4
Fire Magic     | 1 2 |  2.0
Armour         | 1 |  1.8
Conjurations   | 1 2 |  2.7
Long Blades    | |  0.8
Evocations     | |  0.1

Action                   |  1- 3 |  4- 6 |  7- 9 | 10-12 || total
-------------------------+-------+-------+-------+-------++-------
Melee: Short sword       |     7 |       |       |       ||     7
       Unarmed           |     5 |       |       |       ||     5
       Dagger            |    39 |       |       |       ||    39
       Halberd           |     2 |   120 |   135 |   504 ||   761
       Scimitar          |       |       |       |    11 ||    11
Throw: Dart              |    10 |     5 |    10 |    69 ||    94
       Boomerang         |       |       |       |     2 ||     2
 Cast: Sting             |    26 |    19 |    13 |     8 ||    66
       Poisonous Vapours |     3 |    52 |    49 |    94 ||   198
       Ignite Poison     |       |     3 |    19 |    29 ||    51
       Mephitic Cloud    |       |       |    15 |    50 ||    65
       Olgreb's Toxic Ra |       |       |       |     5 ||     5
       Swiftness         |       |       |       |     2 ||     2
Evoke: Wand              |       |       |       |     2 ||     2
  Use: Scroll            |     4 |     8 |     7 |     5 ||    24
       Potion            |     1 |     5 |     6 |     1 ||    13
 Stab: Sleeping          |     1 |       |     4 |     2 ||     7
       Confused          |       |       |     2 |    17 ||    19
  Eat: Chunk             |     1 |     8 |     7 |     5 ||    21
       Ration            |       |     2 |     4 |     9 ||    15
Armor: Robe              |    14 |    14 |     5 |       ||    33
       Skin              |       |       |     2 |       ||     2
       Leather armour    |       |       |    24 |       ||    24
       Steam dragon scal |       |       |       |   103 ||   103
Dodge: Dodged            |    47 |   118 |   129 |   335 ||   629
       Rpst.: Scimitar   |       |       |       |     2 ||     2

Table legend:
 A = Non-vault XP
 B = Vault XP
 C = Vault XP percentage of total XP
 D = Non-vault monster count
 E = Vault monster count
 F = Vault count percentage of total count
                 A         B        C        D         E       F
            +---------+---------+-------+---------+---------+-------
      Total |   17173 |   13286 |  43.6 |     290 |      94 |  24.5
            +---------+---------+-------+---------+---------+-------
        D:1 |      52 |      18 |  25.7 |      24 |      10 |  29.4
        D:2 |     118 |      18 |  13.2 |      27 |       3 |  10.0
        D:3 |      86 |     223 |  72.2 |      21 |       1 |   4.5
        D:4 |     483 |     775 |  61.6 |      17 |       9 |  34.6
        D:5 |     141 |     203 |  59.0 |       4 |       1 |  20.0
        D:6 |    1037 |       0 |   0.0 |      21 |       0 |   0.0
        D:7 |     986 |     901 |  47.7 |      15 |       2 |  11.8
        D:8 |    2237 |    3029 |  57.5 |      31 |      19 |  38.0
        D:9 |     710 |     148 |  17.2 |      19 |       1 |   5.0
       D:10 |    4358 |     702 |  13.9 |      48 |      27 |  36.0
      Orc:1 |    2142 |    1819 |  45.9 |      23 |       9 |  28.1
      Orc:2 |    4823 |    4394 |  47.7 |      40 |      10 |  20.0
      Elf:1 |       0 |    1056 | 100.0 |       0 |       2 | 100.0
            +---------+---------+-------+---------+---------+-------
